 Dungeon Crawl Stone Soup version 0.24-a0-272-g1411513 (webtiles) character file.

Game seed: 6583369999967235223

70 TheOvate the Caller (level 4, 0/24 HPs)
             Began as a Tengu Summoner on Apr 25, 2019.
             Slain by a gnoll
             ... wielding a +0 spear
              (4 damage)
             ... on level 3 of the Dungeon.
             The game lasted 00:08:37 (2154 turns).

TheOvate the Caller (Tengu Summoner)                Turns: 2154, Time: 00:08:37

Health: 0/24       AC:  6    Str: 10    XL:     4   Next: 22%
Magic:  2/9        EV: 11    Int: 15    God:
Gold:   123        SH:  0    Dex: 14    Spells: 2/8 levels left

rFire    . . .     SeeInvis .   i - +0 spear
rCold    . . .     Gourm    .   (no shield)
rNeg     . . .     Faith    .   j - +1 ring mail
rPois    .         Spirit   .   (helmet restricted)
rElec    .         Reflect  .   n - scarf {cloud immunity}
rCorr    .         Harm     .   (no gloves)
MR       .....                  (boots unavailable)
Stlth    +.........             (no amulet)
HPRegen  0.08/turn              (no ring)
MPRegen  0.11/turn              (no ring)

@: no status effects
A: beak, talons 3
a: no special abilities


You were on level 3 of the Dungeon.
You were not hungry.

You visited 1 branch of the dungeon, and saw 3 of its levels.

You collected 123 gold pieces.

Inventory:

Hand Weapons
 i - a +0 spear (weapon)
Armour
 a - a +0 robe
 j - a +1 ring mail (worn)
 n - a scarf of cloud immunity (worn)
Scrolls
 b - a scroll of magic mapping {unknown}
 g - 2 scrolls of remove curse
 h - a scroll of teleportation
 k - a scroll of enchant weapon
 l - a scroll of amnesia {unknown}
Potions
 d - a potion of degeneration {unknown}
 e - a potion of curing {unknown}
 m - a potion of haste {unknown}
Comestibles
 c - 5 rations


   Skills:
 - Level 0.2 Fighting
 - Level 0.1 Armour
 - Level 2.3 Dodging
 - Level 2.2 Stealth
 + Level 2.9 Spellcasting
 + Level 5.8 Summonings


You had 2 spell levels left.
You knew the following spells:

 Your Spells              Type           Power        Failure   Level  Hunger
a - Summon Small Mammal   Summ           ###.         4%          1    #......
b - Call Imp              Summ           ###.....     7%          2    ##.....
c - Call Canine Familiar  Summ           ###.....     14%         3    ###....

Your spell library contained the following spells:

 Spells                   Type           Power        Failure   Level  Hunger
 Summon Guardian Golem    Hex/Summ       ##......     43%         3    ###....
 Summon Ice Beast         Ice/Summ       ##......     83%         4    #####..
 Summon Lightning Spire   Summ/Air       ##......     83%         4    #####..


Dungeon Overview and Level Annotations

Branches:
Dungeon (3/15)

Altars:
Ru


Innate Abilities, Weirdness & Mutations

You have a beak for a mouth.
You have claws for feet.


Message History

Something bites your crimson imp.
Your crimson imp dies!
There is a stone staircase leading up here.
You closely miss the gnoll. You claw the gnoll.
You kill the gnoll!
The gnoll hits you but does no damage.
Your bat barely misses the gnoll.
Your rat completely misses the gnoll.
The gnoll hits you but does no damage.
Attack whom?
Press: ? - help, Dir - move target cursor, f - gnoll
Aim: a gnoll, wielding a +0 spear (moderately wounded)
You could not reach far enough!
Your bat hits the gnoll.
Your rat completely misses the gnoll.
The gnoll hits you from afar with a +0 spear!
Your bat barely misses the gnoll.
Your rat bites the gnoll.
The gnoll hits you from afar with a +0 spear.
* * * LOW HITPOINT WARNING * * *
Your bat hits the gnoll but does no damage.
Your rat bites the gnoll but does no damage.
The gnoll hits you from afar with a +0 spear.
You die...

...... #.....
##..... .......
.....r.
.....#g########+
.....bhr@.......
....##r........
......†.........
#######.......##
#.......#
#.......#
#.........
#.......##
#.......#


You could see a gnoll, a quokka, a friendly hound, a friendly bat and 2 friendly
rats.

Vanquished Creatures
  A gnoll (D:3)
  A dart slug (D:2)
  A ball python (D:2)
  2 giant cockroaches
  A goblin (D:1)
  A jackal (D:2)
  3 kobolds (D:2)
  5 bats (D:2)
  2 frilled lizards (D:2)
  2 rats (D:2)
19 creatures vanquished.

Vanquished Creatures (collateral kills)
  A hound (D:2)
  A worm (D:2)
  3 dart slugs (D:1)
  A leopard gecko (D:3)
  A bat (D:2)
  2 giant cockroaches (D:1)
  2 goblins
  4 hobgoblins (D:1)
  2 jackals (D:2)
  A frilled lizard (D:1)
  5 kobolds
  5 rats
28 creatures vanquished.

Grand Total: 47 creatures vanquished

Notes
Turn   | Place    | Note
-------+----------+-------------------------------------------
     0 | D:1      | TheOvate the Tengu Summoner began the quest for the Orb.
     0 | D:1      | Reached XP level 1. HP: 10/10 MP: 4/4
     8 | D:1      | Noticed a minotaur skeleton
    95 | D:1      | Reached skill level 5 in Summonings
   759 | D:1      | Reached XP level 2. HP: 15/15 MP: 4/6
  1223 | D:2      | Learned a level 2 spell: Call Imp
  1227 | D:2      | Found a sacrificial altar of Ru.
  1312 | D:2      | Reached XP level 3. HP: 14/19 MP: 4/7
  1470 | D:2      | Learned a level 3 spell: Call Canine Familiar
  1816 | D:2      | Reached XP level 4. HP: 24/24 MP: 3/9
  2154 | D:3      | Slain by a gnoll

Levels and vault maps discovered:
D:1:      shiori_arrival_whats_in_store_for_you, layout_basic
D:2:      minmay_general_purpose_star, layout_basic,
          nicolae_ru_great_annihilating_truth
D:3:      layout_basic, lemuel_doored_altar, first_ration, nemelex_altar_shiori

Skill      XL: |  1 |
---------------+----+-----
Summonings     | 5 |  5.8
Fighting       | |  0.2
Armour         | |  0.1
Dodging        | |  2.3
Stealth        | |  2.2
Spellcasting   | |  2.9

Action                   |  1- 3 |  4- 6 || total
-------------------------+-------+-------++-------
Melee: Unarmed           |     6 |       ||     6
       Spear             |    49 |    10 ||    59
       Peck              |     7 |       ||     7
       Kick              |     6 |     1 ||     7
 Cast: Summon Small Mamm |    46 |     4 ||    50
       Call Imp          |     4 |     1 ||     5
       Call Canine Famil |     2 |     1 ||     3
  Use: Scroll            |     5 |       ||     5
 Stab: Sleeping          |     3 |     1 ||     4
  Eat: Chunk             |     4 |     1 ||     5
Armor: Robe              |     3 |       ||     3
       Ring mail         |    20 |     7 ||    27
Dodge: Dodged            |    39 |    11 ||    50

Table legend:
 A = Non-vault XP
 B = Vault XP
 C = Vault XP percentage of total XP
 D = Non-vault monster count
 E = Vault monster count
 F = Vault count percentage of total count
                 A         B        C        D         E       F
            +---------+---------+-------+---------+---------+-------
      Total |      95 |       6 |   5.9 |      42 |       5 |  10.6
            +---------+---------+-------+---------+---------+-------
        D:1 |      25 |       0 |   0.0 |      20 |       0 |   0.0
        D:2 |      54 |       6 |  10.0 |      20 |       5 |  20.0
        D:3 |      16 |       0 |   0.0 |       2 |       0 |   0.0
            +---------+---------+-------+---------+---------+-------
